 Dungeon Crawl Stone Soup version 0.23-b1-75-g379dba2534 (webtiles) character file.

Game seed: 1651760162369315444

23 McKennaii the Gusty (level 3, 18/19 HPs)
             Began as a Tengu Air Elementalist on Feb 6, 2019.
             Quit the game on level 1 of the Dungeon.
             The game lasted 00:02:09 (767 turns).

McKennaii the Gusty (Tengu Air Elementalist)         Turns: 767, Time: 00:02:09

Health: 18/19      AC:  2    Str:  9    XL:     3   Next: 0%
Magic:  4/7        EV: 13    Int: 15    God:
Gold:   41         SH:  0    Dex: 14    Spells: 5/6 levels left

rFire    + . .     SeeInvis .   (no weapon)
rCold    . . .     Gourm    .   (no shield)
rNeg     . . .     Faith    .   a - +0 robe
rPois    .         Spirit   .   (helmet restricted)
rElec    .         Reflect  .   (no cloak)
rCorr    .         Harm     .   (no gloves)
MR       .....                  (boots unavailable)
Stlth    ++........             (no amulet)
HPRegen  0.06/turn              e - ring of wizardry
MPRegen  0.10/turn              g - ring of protection from fire

@: no status effects
A: beak, talons 3
a: no special abilities


You were on level 1 of the Dungeon.
You were not hungry.

You visited 1 branch of the dungeon, and saw 2 of its levels.

You collected 41 gold pieces.

Inventory:

Armour
 a - a +0 robe (worn)
Jewellery
 e - a ring of wizardry (left hand)
 g - a ring of protection from fire (right hand)
Scrolls
 b - 2 scrolls of remove curse {unknown}
 f - 2 scrolls of identify {unknown}
 h - a scroll of enchant armour {unknown}
Potions
 d - a potion of curing {unknown}
 i - a potion of magic {unknown}
Comestibles
 c - 2 rations


   Skills:
 + Level 2.4 Dodging
 + Level 2.0 Stealth
 + Level 2.4 Spellcasting
 + Level 1.4 Conjurations
 + Level 4.7 Air Magic


You had 5 spell levels left.
You knew the following spells:

 Your Spells              Type           Power        Failure   Level  Hunger
a - Shock                 Conj/Air       ##..         2%          1    #......

Your spell library contained the following spells:

 Spells                   Type           Power        Failure   Level  Hunger
 Swiftness                Chrm/Air       #.......     4%          2    ###....
 Static Discharge         Conj/Air       ##......     8%          3    ###....
 Airstrike                Air            ###.......   12%         4    #####..
 Lightning Bolt           Conj/Air       ##........   52%         5    ######.


Dungeon Overview and Level Annotations

Branches:
Dungeon (2/15)

Altars:


Innate Abilities, Weirdness & Mutations

You have a beak for a mouth.
You have claws for feet.


Message History

You see here a stone.
Casting: Shock (safe; 2% risk of failure)
Confirm with . or Enter, or press ? or * to list all spells.
Aiming: Shock (safe; 2% risk of failure)
Press: ? - help, Shift-Dir - straight line, f - kobold
Aim: a kobold The zap hits the kobold.
The kobold is heavily wounded.
Casting: Shock (safe; 2% risk of failure)
Confirm with . or Enter, or press ? or * to list all spells.
Aiming: Shock (safe; 2% risk of failure)
Press: ? - help, Shift-Dir - straight line, f/p - kobold
Aim: a kobold (heavily wounded)
The zap hits the kobold.
You kill the kobold!
You have reached level 3!
Your experience leads to an increase in your attributes!
Increase (S)trength, (I)ntelligence, or (D)exterity?
You feel stronger.
Are you sure you want to abandon this character and quit the game? (Confirm with "yes".)

#.........#.....................
#....>....#.....................
#........##.###..............###
#.........#.# #.#####.######.#
#...........# #.# #.# #.#
#........#### #.# #.# #.#
#........# #.# #+# #.#
########## #.# .. #@#
#....g..... #.#.#......
#...#...... . ..+ ..... ######
..... ####


You could see a hobgoblin.

Vanquished Creatures
  A dart slug (D:1)
  A ball python (D:1)
  2 giant cockroaches
  2 goblins (D:1)
  5 hobgoblins (D:1)
  5 kobolds (D:1)
  A bat (D:2)
  2 rats (D:1)
19 creatures vanquished.

Vanquished Creatures (others)
  5 toadstools (D:1)
5 creatures vanquished.

Grand Total: 24 creatures vanquished

Notes
Turn   | Place    | Note
-------+----------+-------------------------------------------
     0 | D:1      | McKennaii the Tengu Air Elementalist began the quest for
                  | the Orb.
     0 | D:1      | Reached XP level 1. HP: 10/10 MP: 4/4
    19 | D:1      | You fall through a shaft!
   165 | D:1      | Reached XP level 2. HP: 15/15 MP: 3/6
   766 | D:1      | Reached XP level 3. HP: 18/19 MP: 4/7
   767 | D:1      | Quit the game

Action                   || total
-------------------------++-------
Melee: Unarmed           ||     9
       Kick              ||     1
       Peck              ||     1
 Cast: Shock             ||    30
Armor: Robe              ||     1
Dodge: Dodged            ||    19
